[Event "Turkish Cup 2024"]
[Site "Denizli"]
[Date "2024.07.31"]
[Round "2"]
[White "Tirpan, Ceren"]
[Black "Unsal, Omer"]
[Result "1-0"]
[ECO "D35"]
[WhiteElo "1926"]
[BlackElo "1703"]
[Annotator "ChessBase"]
[PlyCount "73"]
[EventDate "2024.08.01"]
[EventType "swiss"]
[EventCountry "TUR"]
[SourceTitle "playchess.com"]
[Source "ChessBase"]
[SourceQuality "1"]
[TimeControl "5400+30"]

1. d4 Nf6 2. c4 e6 3. Nc3 d5 4. cxd5 exd5 5. Bg5 Be7 6. e3 h6 7. Bh4 c6 8. Bd3 Be6 9. Nge2 Nbd7 10. Bxf6 Nxf6 11. Nf4 Bd7 12. Rc1 Bd6 13. Nh5 g6 14. Nxf6+ Qxf6 15. Qf3 Qh4 16. h3 O-O 17. g3 Qe7 18. h4 h5 19. O-O Bg4 20. Qg2 g5 21. hxg5 Qxg5 22. e4 Qd2 23. Bb1 Qxd4 24. exd5 cxd5 25. Rcd1 Bxd1 26. Rxd1 Qg7 27. Rxd5 Be5 28. f4 Bd4+ 29. Kh2 Bf6 30. Ne4 Rfe8 31. Rxh5 Rad8 32. Ng5 Re1 33. Bc2 Bxb2 34. Ne4 Kf8 35. Qf2 Bc3 36. Qc5+ Ke8 37. Ba4+ 1-0

[Event "Turkish Cup 2024"]
[Site "Denizli"]
[Date "2024.07.31"]
[Round "2"]
[White "Dirikolu, Deniz"]
[Black "Bulgurlu, Hakan"]
[Result "1-0"]
[ECO "B01"]
[WhiteElo "1911"]
[BlackElo "1714"]
[Annotator "ChessBase"]
[PlyCount "51"]
[EventDate "2024.08.01"]
[EventType "swiss"]
[EventCountry "TUR"]
[SourceTitle "playchess.com"]
[Source "ChessBase"]
[SourceQuality "1"]
[TimeControl "5400+30"]

1. e4 d5 2. exd5 Qxd5 3. Nc3 Qd6 4. d4 Nf6 5. Nf3 c6 6. Ne5 Bf5 7. Bc4 e6 8. g4 Bg6 9. h4 Nbd7 10. Nxd7 Kxd7 11. h5 Be4 12. Nxe4 Nxe4 13. c3 h6 14. Qf3 Nf6 15. Bf4 Qe7 16. O-O Rg8 17. Be5 Nh7 18. b4 g6 19. b5 gxh5 20. bxc6+ bxc6 21. Rfb1 Rxg4+ 22. Kf1 Kd8 23. Qxc6 Rc8 24. Qxc8+ Kxc8 25. Rb8+ Kd7 26. Bb5# 1-0

[Event "Turkish Cup 2024"]
[Site "Denizli"]
[Date "2024.07.31"]
[Round "2"]
[White "Kilic, Ihsan"]
[Black "Gunaydin, Mehmet Emir"]
[Result "1/2-1/2"]
[ECO "A25"]
[WhiteElo "1911"]
[BlackElo "1634"]
[Annotator "ChessBase"]
[PlyCount "76"]
[EventDate "2024.08.01"]
[EventType "swiss"]
[EventCountry "TUR"]
[SourceTitle "playchess.com"]
[Source "ChessBase"]
[SourceQuality "1"]
[TimeControl "5400+30"]

1. c4 e5 2. Nc3 Nc6 3. g3 Nf6 4. Bg2 Bc5 5. e3 a6 6. Nge2 d6 7. d4 Ba7 8. h3 h6 9. a3 exd4 10. exd4 O-O 11. O-O Re8 12. b4 Rb8 13. Be3 Ne7 14. g4 Nh7 15. Qd2 Ng6 16. Ng3 Nh4 17. Rae1 Bd7 18. Bh1 Qf6 19. Nd5 Nf3+ 20. Bxf3 Qxf3 21. Nxc7 Rec8 22. Nd5 Rxc4 23. Ne7+ Kh8 24. d5 Bxe3 25. Rxe3 Ng5 26. Kh2 Qf4 27. Kg2 Nxh3 28. f3 Rc2 29. Qxc2 Qxe3 30. Ne4 Bb5 31. Rh1 Nf4+ 32. Kg3 Ne2+ 33. Kg2 Bd3 34. Qc7 Nf4+ 35. Kg3 Ne2+ 36. Kg2 Nf4+ 37. Kg3 Ne2+ 38. Kg2 Nf4+ 1/2-1/2

[Event "Turkish Cup 2024"]
[Site "Denizli"]
[Date "2024.07.31"]
[Round "2"]
[White "Demirci, Fatih"]
[Black "Yilmaz, Enes Mustafa"]
[Result "1-0"]
[ECO "B13"]
[WhiteElo "1885"]
[BlackElo "1766"]
[Annotator "NA"]
[PlyCount "53"]
[EventDate "2024.08.01"]
[EventType "swiss"]
[EventCountry "TUR"]
[SourceTitle "playchess.com"]
[Source "ChessBase"]
[SourceQuality "1"]
[TimeControl "5400+30"]

1. e4 c6 2. d4 d5 3. exd5 cxd5 4. c3 Bf5 5. Qb3 Qd7 6. Nf3 f6 7. Bf4 a6 8. Be2 Nc6 9. O-O e6 10. Re1 Nge7 11. Nbd2 g5 12. Bg3 Bg7 13. h4 h6 14. Nf1 O-O 15. Ne3 Kh8 16. Rad1 Rac8 17. Qa3 Rf7 18. Bd6 Rd8 19. Bxe7 Nxe7 20. Nxf5 Nxf5 21. h5 Qc7 22. Bd3 Bf8 23. Qb3 Ng7 24. Bg6 Rfd7 25. Nh2 Qf4 26. Re3 Bd6 27. g3 1-0

[Event "Turkish Cup 2024"]
[Site "Denizli"]
[Date "2024.07.31"]
[Round "2"]
[White "Ceylan, Arda"]
[Black "Bulgurlu, Okan"]
[Result "0-1"]
[ECO "D17"]
[WhiteElo "1836"]
[BlackElo "1964"]
[Annotator "RC"]
[PlyCount "112"]
[EventDate "2024.08.01"]
[EventType "swiss"]
[EventCountry "TUR"]
[SourceTitle "playchess.com"]
[Source "ChessBase"]
[SourceQuality "1"]
[TimeControl "5400+30"]

1. d4 d5 2. c4 c6 3. Nc3 Nf6 4. Nf3 dxc4 5. a4 Bf5 6. Ne5 Nbd7 7. Nxc4 Qc7 8. g3 e5 9. dxe5 Nxe5 10. Bf4 Nfd7 11. Bg2 f6 12. O-O Rd8 13. Qc1 g5 14. Nxe5 gxf4 15. Nf3 fxg3 16. hxg3 Nc5 17. Nh4 Be6 18. Ne4 Nxe4 19. Bxe4 Qe5 20. Bg2 Bc5 21. Qh6 Qg5 22. Qxg5 fxg5 23. Nf3 h6 24. Ne5 Rd2 25. Nd3 Bd4 26. e3 Bxe3 27. fxe3 Rxd3 28. a5 a6 29. Ra3 Rd2 30. Rf2 Rxf2 31. Kxf2 Rf8+ 32. Ke2 Rf5 33. Bh3 Bc4+ 34. Kd2 Rf2+ 35. Kc3 Bb5 36. e4 Ke7 37. Bf5 c5 38. g4 Rf3+ 39. Kc2 Rxa3 40. bxa3 Kd6 41. Kc3 Ke5 42. Bc8 Kxe4 43. Bxb7+ Kf4 44. Bc8 Kg3 45. Kd2 Kh4 46. Ke3 h5 47. gxh5 Kxh5 48. Kf3 Kh4 49. a4 Bc4 50. Bf5 Bd5+ 51. Kf2 Bb7 52. Bd3 g4 53. Be2 g3+ 54. Kg1 Kg5 55. Kf1 Kf4 56. Bb5 Ke3 0-1

[Event "Turkish Cup 2024"]
[Site "Denizli"]
[Date "2024.07.31"]
[Round "2"]
[White "Karapinar, Yalin"]
[Black "Uysal, Ugur"]
[Result "1/2-1/2"]
[ECO "E91"]
[WhiteElo "1785"]
[BlackElo "2114"]
[Annotator "RC"]
[PlyCount "112"]
[EventDate "2024.08.01"]
[EventType "swiss"]
[EventCountry "TUR"]
[SourceTitle "playchess.com"]
[Source "ChessBase"]
[SourceQuality "1"]
[TimeControl "5400+30"]

1. d4 Nf6 2. c4 g6 3. Nc3 Bg7 4. e4 d6 5. Be2 O-O 6. Nf3 Bg4 7. Be3 Nfd7 8. O-O c5 9. Ne1 Bxe2 10. Nxe2 Nc6 11. Rc1 Qb6 12. d5 Nd4 13. Bxd4 cxd4 14. Nd3 e5 15. b4 f5 16. Ng3 Bh6 17. Rc2 f4 18. Nh1 f3 19. gxf3 Qd8 20. Ng3 a5 21. a3 axb4 22. axb4 Qh4 23. Kh1 Qh3 24. Rg1 Ra3 25. c5 Bf4 26. c6 bxc6 27. dxc6 Nb6 28. c7 Rfa8 29. Rc6 Bxg3 30. Rxg3 Qd7 31. b5 Nc8 32. Qc2 Na7 33. Qc4+ Kg7 34. Rb6 Rc8 35. Rb7 Nxb5 36. Nxe5 dxe5 37. Qxb5 Qxb5 38. Rxb5 Rxc7 39. f4 Rxg3 40. hxg3 Rd7 41. fxe5 d3 42. Rb1 g5 43. Rd1 h5 44. Kg2 Kf7 45. f4 Ke6 46. Rd2 h4 47. fxg5 h3+ 48. Kxh3 Kxe5 49. Kg4 Kxe4 50. g6 Ke3 51. Rh2 d2 52. Rxd2 Kxd2 53. Kf5 Ke3 54. g4 Kd4 55. Kf6 Rd6+ 56. Kg7 Ke5 1/2-1/2

[Event "Turkish Cup 2024"]
[Site "Denizli"]
[Date "2024.07.31"]
[Round "2"]
[White "Abak, Tuana"]
[Black "Tezcan, Alper"]
[Result "1-0"]
[ECO "C00"]
[WhiteElo "1784"]
[BlackElo "1989"]
[Annotator "RC"]
[PlyCount "65"]
[EventDate "2024.08.01"]
[EventType "swiss"]
[EventCountry "TUR"]
[SourceTitle "playchess.com"]
[Source "ChessBase"]
[SourceQuality "1"]
[TimeControl "5400+30"]

1. e4 e6 2. d3 d5 3. Nd2 g6 4. Ngf3 Bg7 5. g3 b6 6. Bg2 dxe4 7. Nxe4 Bb7 8. O-O Nd7 9. Nfg5 h6 10. Nf3 Ngf6 11. Re1 O-O 12. Bd2 Qe7 13. Bc3 Rfd8 14. Qe2 Nxe4 15. dxe4 Bxc3 16. bxc3 e5 17. h4 h5 18. Ng5 Nc5 19. g4 hxg4 20. Qxg4 Rd2 21. Re3 Rxc2 22. Bf1 f6 23. Bc4+ Kg7 24. Ne6+ Nxe6 25. Bxe6 Rd8 26. Bf5 Qe8 27. Rg3 Bc8 28. Bxc8 Rxc8 29. Rd1 Rxa2 30. h5 g5 31. Rd7+ Kh6 32. Qf5 Qh8 33. Qg6# 1-0

[Event "Turkish Cup 2024"]
[Site "Denizli"]
[Date "2024.07.31"]
[Round "2"]
[White "Aytekin, Mustafa Tugrul"]
[Black "Topal, Hasan Gokmen"]
[Result "0-1"]
[ECO "B24"]
[WhiteElo "1772"]
[BlackElo "1905"]
[Annotator "ChessBase"]
[PlyCount "166"]
[EventDate "2024.08.01"]
[EventType "swiss"]
[EventCountry "TUR"]
[SourceTitle "playchess.com"]
[Source "ChessBase"]
[SourceQuality "1"]
[TimeControl "5400+30"]

1. e4 c5 2. Nc3 e6 3. g3 Nc6 4. Bg2 g6 5. d3 Bg7 6. f4 Nge7 7. Nf3 Nd4 8. O-O O-O 9. Be3 Nec6 10. e5 f6 11. Bxd4 cxd4 12. exf6 Qxf6 13. Ne4 Qe7 14. Qd2 b6 15. Rae1 Bb7 16. a3 Rac8 17. g4 Nd8 18. Ng3 Qc5 19. Re2 Nf7 20. Nh4 Bxg2 21. Nxg2 Nd6 22. Ref2 Bh6 23. Qe2 Rce8 24. h4 Qd5 25. Ne4 Nxe4 26. dxe4 Qc5 27. Qd3 b5 28. Rd1 Bg7 29. Rdf1 Qc4 30. Qg3 Qc6 31. f5 exf5 32. exf5 Be5 33. Qb3+ Qc4 34. fxg6 hxg6 35. Rxf8+ Rxf8 36. Rxf8+ Kxf8 37. Qf3+ Kg7 38. Qb7 Qe6 39. Qxb5 Bg3 40. Qd3 Qxg4 41. Kf1 Be5 42. Qe2 Qf5+ 43. Ke1 d6 44. Kd1 Qh3 45. Qe4 Qh1+ 46. Kd2 Qf1 47. Ne1 Bf4+ 48. Kd1 Qf2 49. Nf3 Qf1+ 50. Ne1 Be5 51. Kd2 Qf2+ 52. Kd1 Bf6 53. Nf3 d3 54. Qxd3 Bxb2 55. a4 Bf6 56. Qe4 Qf1+ 57. Kd2 Qg2+ 58. Kd3 Qf1+ 59. Kd2 Qf2+ 60. Kd3 Qc5 61. Kd2 Qc3+ 62. Ke2 d5 63. Qxd5 Qxc2+ 64. Kf1 Qxa4 65. Qb7+ Kh6 66. Qc8 Qb5+ 67. Kf2 Qf5 68. Qc1+ Kh5 69. Qc4 a5 70. Qa4 Kh6 71. Qc4 Be7 72. Qc1+ Kh5 73. Qc4 Qc5+ 74. Qxc5+ Bxc5+ 75. Ke2 Be7 76. Kd3 Bxh4 77. Kc4 Bd8 78. Kb5 g5 79. Nd4 g4 80. Nf5 Kg5 81. Ng3 Kf4 82. Ne2+ Kf3 83. Nd4+ Kf2 0-1

[Event "Turkish Cup 2024"]
[Site "Denizli"]
[Date "2024.07.31"]
[Round "2"]
[White "Kececi, Kaan"]
[Black "Cevizci, Yusuf Baran"]
[Result "0-1"]
[ECO "C11"]
[WhiteElo "1765"]
[BlackElo "2102"]
[Annotator "ChessBase"]
[PlyCount "118"]
[EventDate "2024.08.01"]
[EventType "swiss"]
[EventCountry "TUR"]
[SourceTitle "playchess.com"]
[Source "ChessBase"]
[SourceQuality "1"]
[TimeControl "5400+30"]

1. e4 e6 2. d4 d5 3. Nc3 Nf6 4. e5 Nfd7 5. f4 c5 6. Nf3 Nc6 7. Be3 Qb6 8. Na4 Qa5+ 9. c3 b6 10. b3 b5 11. Nxc5 Bxc5 12. b4 Nxb4 13. dxc5 Na6 14. Qb3 Naxc5 15. Bxc5 Nxc5 16. Qxb5+ Qxb5 17. Bxb5+ Bd7 18. Be2 Ke7 19. c4 dxc4 20. Bxc4 Rhc8 21. O-O a5 22. Nd4 g6 23. Bb5 a4 24. Bxd7 Nxd7 25. Rac1 Nc5 26. Nb5 Nd3 27. Rcd1 Nb4 28. a3 Nd5 29. Rd4 Rcb8 30. Nd6 Rb3 31. Rf3 f6 32. Ne4 f5 33. Nc5 Rb1+ 34. Kf2 Rb2+ 35. Kg3 Rc8 36. Nd3 Re2 37. Rxa4 Rcc2 38. Nf2 Ne3 39. Ra7+ Kf8 40. Rxh7 g5 41. fxg5 Nf1+ 42. Kh4 Rxf2 43. Rb3 Rb2 44. Rxb2 Rxb2 45. Kh5 Nxh2 46. Kg6 Ng4 47. Rh8+ Ke7 48. Rh7+ Ke8 49. Rh8+ Kd7 50. Rh7+ Kc6 51. Kf7 Kd5 52. g6 Nxe5+ 53. Kf6 Nxg6 54. Kxg6 Rxg2+ 55. Kf6 Ra2 56. Rd7+ Ke4 57. Rb7 f4 58. Rb4+ Ke3 59. Kxe6 f3 0-1

[Event "Turkish Cup 2024"]
[Site "Denizli"]
[Date "2024.07.31"]
[Round "2"]
[White "Asici, Poyraz Efe"]
[Black "Atis, Hasan"]
[Result "1/2-1/2"]
[ECO "D46"]
[WhiteElo "1747"]
[BlackElo "2080"]
[Annotator "ChessBase"]
[PlyCount "117"]
[EventDate "2024.08.01"]
[EventType "swiss"]
[EventCountry "TUR"]
[SourceTitle "playchess.com"]
[Source "ChessBase"]
[SourceQuality "1"]
[TimeControl "5400+30"]

1. d4 d5 2. c4 e6 3. Nf3 Nf6 4. Nc3 c6 5. e3 Nbd7 6. Bd3 dxc4 7. Bxc4 b5 8. Bd3 Bd6 9. O-O O-O 10. e4 e5 11. Bg5 h6 12. Bh4 exd4 13. Nxd4 Ne5 14. Be2 a6 15. Bg3 c5 16. Nc6 Qc7 17. Nxe5 Bxe5 18. a4 Bxg3 19. hxg3 Rd8 20. Nd5 Nxd5 21. exd5 Rb8 22. axb5 axb5 23. Bf3 Bf5 24. g4 Bg6 25. Qd2 c4 26. Rac1 Qb6 27. Qe3 Qxe3 28. fxe3 Bd3 29. Rfe1 Re8 30. Kf2 f6 31. e4 Ra8 32. Ra1 Rxa1 33. Rxa1 Bxe4 34. Re1 Bg6 35. Rxe8+ Bxe8 36. Ke3 Kf7 37. Kd4 Ke7 38. Kc5 Bd7 39. g3 Kd8 40. Be2 Kc7 41. Bf3 Kd8 42. Be2 Be8 43. Bf3 Kc7 44. Be2 g6 45. Bf3 Bd7 46. Bd1 Be8 47. Bf3 Kd8 48. Be2 Ke7 49. Bf3 f5 50. gxf5 gxf5 51. Bd1 Bd7 52. Be2 Be8 53. Bf3 Kf6 54. d6 Bd7 55. Bc6 Ke6 56. Bd5+ Kf6 57. Bc6 Ke6 58. Bd5+ Kf6 59. Bc6 1/2-1/2

[Event "Turkish Cup 2024"]
[Site "Denizli"]
[Date "2024.07.31"]
[Round "2"]
[White "Aydogdu, Aril"]
[Black "Cakir, Ege"]
[Result "0-1"]
[ECO "B45"]
[WhiteElo "1733"]
[BlackElo "1889"]
[Annotator "NA"]
[PlyCount "58"]
[EventDate "2024.08.01"]
[EventType "swiss"]
[EventCountry "TUR"]
[SourceTitle "playchess.com"]
[Source "ChessBase"]
[SourceQuality "1"]
[TimeControl "5400+30"]

1. e4 c5 2. Nf3 e6 3. d4 cxd4 4. Nxd4 Nf6 5. Nc3 Nc6 6. Nxc6 bxc6 7. e5 Nd5 8. Ne4 Qc7 9. f4 Rb8 10. c4 Bb4+ 11. Ke2 O-O 12. a3 Be7 13. cxd5 cxd5 14. Nd2 f6 15. Nf3 fxe5 16. fxe5 d6 17. exd6 Bxd6 18. Ke1 Kh8 19. b4 e5 20. Bb2 e4 21. Nd4 Rxb4 22. axb4 Bxb4+ 23. Qd2 Bxd2+ 24. Kxd2 Bg4 25. Ne2 Qc4 26. Rxa7 Qd3+ 27. Ke1 Rxf1+ 28. Kxf1 Qxe2+ 29. Kg1 Qe1# 0-1

[Event "Turkish Cup 2024"]
[Site "Denizli"]
[Date "2024.07.31"]
[Round "2"]
[White "Isik, Tuna"]
[Black "Turgut, Hakan"]
[Result "1-0"]
[ECO "D73"]
[WhiteElo "1711"]
[BlackElo "2052"]
[Annotator "RC"]
[PlyCount "187"]
[EventDate "2024.08.01"]
[EventType "swiss"]
[EventCountry "TUR"]
[SourceTitle "playchess.com"]
[Source "ChessBase"]
[SourceQuality "1"]
[TimeControl "5400+30"]

1. d4 Nf6 2. Nf3 g6 3. g3 Bg7 4. Bg2 c5 5. O-O cxd4 6. Nxd4 d5 7. c4 O-O 8. Nc3 e5 9. Nb3 dxc4 10. Qxd8 Rxd8 11. Na5 Nc6 12. Nxc6 bxc6 13. Bxc6 Rb8 14. Be3 a6 15. Rfd1 Be6 16. Rxd8+ Rxd8 17. Rd1 Rxd1+ 18. Nxd1 Bd5 19. Bxd5 Nxd5 20. Bd2 e4 21. Nc3 e3 22. fxe3 Bxc3 23. Bxc3 f5 24. Bd4 Kf7 25. Kf2 g5 26. Kf3 g4+ 27. Kf2 Nb4 28. a3 Nc2 29. Bc3 Ke6 30. Bd2 Kd5 31. Kg2 Ke4 32. Kf2 Ke5 33. Be1 Kd5 34. Bc3 Kc5 35. a4 Kd5 36. Bg7 Ke4 37. Bh6 c3 38. bxc3 Kd5 39. Bf4 Na3 40. Bg5 Nb1 41. Bf6 Nd2 42. Bd4 Ne4+ 43. Ke1 Kc4 44. a5 Kb5 45. Bb6 Nxc3 46. Kd2 Nd5 47. Bd8 Kc4 48. Bb6 Nf6 49. Kd1 Ne4 50. Kc2 Nd6 51. Bc7 Nb7 52. Kd2 Nc5 53. Kc2 Kb5 54. Kc3 Kc6 55. Be5 Ne6 56. Kc4 Nc5 57. Bd4 Nd7 58. Bg7 Kd6 59. Kd4 Kc6 60. Kc4 Kd6 61. Kd4 Kc6 62. e4 fxe4 63. Kxe4 Kb5 64. Bc3 Kc4 65. Bd2 Nc5+ 66. Kf4 h5 67. Be3 Nb3 68. Bb6 Kd5 69. Kg5 Ke4 70. Kxh5 Kf5 71. e4+ Kxe4 72. Kxg4 Ke5 73. Kg5 Nd2 74. h4 Ne4+ 75. Kg4 Nf6+ 76. Kf3 Kf5 77. Bd8 Ng4 78. h5 Ne5+ 79. Ke3 Nf7 80. Bc7 Ng5 81. Bf4 Ne6 82. h6 Kg6 83. Kd3 Nd8 84. Ke4 Nb7 85. Bd2 Nc5+ 86. Kd5 Nb3 87. Bb4 Kxh6 88. Kc6 Kg5 89. Kb6 Kg4 90. Bd6 Nd2 91. Kxa6 Ne4 92. Bc7 Kf5 93. Kb6 Ke6 94. a6 1-0

[Event "Turkish Cup 2024"]
[Site "Denizli"]
[Date "2024.07.31"]
[Round "2"]
[White "Ergut, Kaan"]
[Black "Kocakaplan, Emre"]
[Result "0-1"]
[ECO "B33"]
[WhiteElo "1710"]
[BlackElo "1926"]
[Annotator "ChessBase"]
[PlyCount "58"]
[EventDate "2024.08.01"]
[EventType "swiss"]
[EventCountry "TUR"]
[SourceTitle "playchess.com"]
[Source "ChessBase"]
[SourceQuality "1"]
[TimeControl "5400+30"]

1. e4 c5 2. Nf3 Nc6 3. d4 cxd4 4. Nxd4 Nf6 5. Nc3 e5 6. Ndb5 d6 7. Nd5 Nxd5 8. exd5 Ne7 9. c4 Ng6 10. g3 Be7 11. h4 e4 12. Qc2 O-O 13. Be2 f5 14. Bd2 a6 15. Nd4 Bf6 16. Bc3 Re8 17. O-O-O Bd7 18. Kb1 Rc8 19. Qb3 b6 20. Rhe1 Ne5 21. f4 exf3 22. Nxf3 Nxf3 23. Bxf6 Qxf6 24. Bxf3 f4 25. Be2 Re3 26. Qxb6 Rce8 27. Qxa6 Rxe2 28. Rxe2 Rxe2 29. Qa8+ Be8 0-1

[Event "Turkish Cup 2024"]
[Site "Denizli"]
[Date "2024.07.31"]
[Round "2"]
[White "Acar, Ilayda"]
[Black "Hatirli, Ugur Can"]
[Result "0-1"]
[ECO "B41"]
[WhiteElo "1709"]
[BlackElo "1948"]
[Annotator "RC"]
[PlyCount "186"]
[EventDate "2024.08.01"]
[EventType "swiss"]
[EventCountry "TUR"]
[SourceTitle "playchess.com"]
[Source "ChessBase"]
[SourceQuality "1"]
[TimeControl "5400+30"]

1. e4 c5 2. Nf3 e6 3. d4 cxd4 4. Nxd4 a6 5. c4 Nf6 6. Nc3 Qc7 7. Be3 Bb4 8. f3 Nc6 9. Rc1 O-O 10. a3 Be7 11. Be2 d6 12. O-O Ne5 13. b4 Bd7 14. Qd2 Rfc8 15. Rfd1 Qb8 16. Qa2 h6 17. Qb3 Qc7 18. Qb2 Be8 19. Qd2 Qb8 20. Qa2 Bd7 21. Qb3 Ne8 22. f4 Ng6 23. Bg4 Nf6 24. Bh3 Nf8 25. g3 Qc7 26. Qb2 Qd8 27. Qb3 Qc7 28. Qb2 Qb8 29. Qb3 Rd8 30. Qc2 g6 31. Qe2 e5 32. Nf5 gxf5 33. exf5 Bc6 34. Nd5 Bxd5 35. cxd5 N8d7 36. g4 Nh7 37. fxe5 Nxe5 38. Bxh6 Bg5 39. Bxg5 Nxg5 40. Bg2 Re8 41. Kh1 f6 42. h4 Ngf7 43. Qf2 Nxg4 44. Qg3 Nfh6 45. Rd4 Re7 46. Bh3 Rg7 47. Rxg4 Nxg4 48. Bxg4 Qe8 49. Qf4 Qe5 50. Qf3 Rh7 51. h5 Re8 52. Rg1 Kf8 53. Qg2 Qe4 54. Qxe4 Rxe4 55. Kh2 Rxg4 56. Rxg4 Rxh5+ 57. Kg3 Rxf5 58. Rd4 Ke7 59. a4 Kd7 60. a5 b6 61. axb6 Kc8 62. Kg4 Rg5+ 63. Kf3 Kb7 64. Kf4 Kxb6 65. Kf3 Kb5 66. Ke3 Rg3+ 67. Kf4 Rb3 68. Kf5 Rxb4 69. Rd1 a5 70. Ke6 Kc5 71. Rc1+ Rc4 72. Rxc4+ Kxc4 73. Kxd6 a4 74. Ke6 a3 75. d6 a2 76. d7 a1=Q 77. d8=Q Qe5+ 78. Kf7 f5 79. Kg6 f4 80. Qc8+ Kd4 81. Qd7+ Ke3 82. Qd1 Kf2 83. Qd2+ Kg3 84. Qd3+ f3 85. Kh6 Kg2 86. Qc2+ f2 87. Qc6+ Kh2 88. Qc2 Qf4+ 89. Kg7 Kg1 90. Qc5 Qf3 91. Kh8 Kh2 92. Qc2 Qh5+ 93. Kg7 Kg1 0-1

[Event "Turkish Cup 2024"]
[Site "Denizli"]
[Date "2024.07.31"]
[Round "2"]
[White "Batmaz, Onur Utku"]
[Black "Ozdemir, Serhan Berat"]
[Result "0-1"]
[ECO "E62"]
[WhiteElo "1708"]
[BlackElo "2194"]
[Annotator "RC"]
[PlyCount "98"]
[EventDate "2024.08.01"]
[EventType "swiss"]
[EventCountry "TUR"]
[SourceTitle "playchess.com"]
[Source "ChessBase"]
[SourceQuality "1"]
[TimeControl "5400+30"]

1. Nf3 Nf6 2. g3 g6 3. Bg2 Bg7 4. c4 O-O 5. O-O d6 6. d4 c6 7. Nc3 Qb6 8. Qc2 Qa6 9. Nd2 Nbd7 10. b4 Qb6 11. b5 Qxd4 12. bxc6 bxc6 13. Bxc6 Rb8 14. Bb2 Qb6 15. Bb5 a6 16. Bxd7 Qxb2 17. Qxb2 Rxb2 18. Bxc8 Rxc8 19. Rfd1 Nd7 20. Nd5 Kf8 21. Rab1 Rcb8 22. Kf1 Rxa2 23. Rxb8+ Nxb8 24. Ne4 Ra1 25. Rxa1 Bxa1 26. c5 f5 27. Ng5 h6 28. Ne6+ Kf7 29. Ndc7 Nc6 30. cxd6 exd6 31. Nf4 a5 32. Nb5 Be5 33. Nd3 Ke6 34. Nc7+ Kd7 35. Nd5 Ne7 36. Nb6+ Kc6 37. Nxe5+ dxe5 38. Nc4 Kb5 39. Nxe5 a4 40. Nd3 a3 41. Nc1 Nd5 42. f3 Nb4 43. e4 fxe4 44. fxe4 a2 45. Nxa2 Nxa2 46. Kf2 Kc5 47. Kf3 Kd4 48. h4 Nc3 49. h5 g5 0-1

[Event "Turkish Cup 2024"]
[Site "Denizli"]
[Date "2024.07.31"]
[Round "2"]
[White "Kervancioglu, Talu"]
[Black "Saygin, Nurettin"]
[Result "1-0"]
[ECO "B51"]
[WhiteElo "1702"]
[BlackElo "1937"]
[Annotator "ChessBase"]
[PlyCount "155"]
[EventDate "2024.08.01"]
[EventType "swiss"]
[EventCountry "TUR"]
[SourceTitle "playchess.com"]
[Source "ChessBase"]
[SourceQuality "1"]
[TimeControl "5400+30"]

1. e4 c5 2. Nf3 d6 3. Bb5+ Nd7 4. d4 cxd4 5. Qxd4 e5 6. Qd3 Be7 7. O-O a6 8. Bxd7+ Bxd7 9. b3 Bc6 10. c4 f5 11. Nc3 f4 12. Ba3 g5 13. Rad1 g4 14. Ne1 Qa5 15. Bxd6 O-O-O 16. b4 Qb6 17. c5 Qxb4 18. Nc2 Qa5 19. Qc4 Bxd6 20. cxd6 Kb8 21. Nb4 Bb5 22. Nxb5 axb5 23. Qc3 Ka8 24. Qc7 Qxc7 25. dxc7 Rc8 26. Rd8 Ne7 27. Rxh8 Rxh8 28. Rd1 Rc8 29. Rd8 b6 30. Rd7 Ng8 31. Nd5 Kb7 32. Rd6 Ne7 33. Rxb6+ Ka7 34. Rb8 Rxc7 35. Nxc7 Kxb8 36. Nxb5 Kb7 37. Nd6+ Kc6 38. Nf7 Ng6 39. Kf1 Kc5 40. Ke2 Kd4 41. f3 Nh4 42. Kf2 Ng6 43. Ke2 h5 44. Nd6 Kc3 45. Nf5 Kc4 46. Kd2 Kb4 47. Kc2 Ka3 48. Kb1 Nf8 49. Ng7 h4 50. fxg4 Nh7 51. Nf5 h3 52. gxh3 Ng5 53. h4 Nxe4 54. h5 Nf6 55. h6 Nh7 56. Kc2 e4 57. Kd2 Kxa2 58. h4 Kb3 59. g5 Kc4 60. Nd6+ Kd5 61. Nxe4 Kxe4 62. g6 Nf6 63. h7 Kf5 64. h8=Q Kxg6 65. Qb8 Kf5 66. Qb5+ Ke4 67. Qc6+ Kf5 68. Qc5+ Ke4 69. Qe7+ Kf5 70. Ke2 Nd5 71. Qg5+ Ke4 72. Qg6+ Ke5 73. Kf3 Ne7 74. Qe4+ Kf6 75. Qxf4+ Kg6 76. Qd6+ Kf7 77. h5 Ng8 78. Qg6+ 1-0

[Event "Turkish Cup 2024"]
[Site "Denizli"]
[Date "2024.07.31"]
[Round "2"]
[White "Sahin, Zeynep Duru"]
[Black "Yildirim, Ibrahim Halil"]
[Result "1/2-1/2"]
[ECO "B11"]
[WhiteElo "1698"]
[BlackElo "2024"]
[Annotator "RC"]
[PlyCount "82"]
[EventDate "2024.08.01"]
[EventType "swiss"]
[EventCountry "TUR"]
[SourceTitle "playchess.com"]
[Source "ChessBase"]
[SourceQuality "1"]
[TimeControl "5400+30"]

1. e4 c6 2. Nc3 d5 3. Nf3 Nf6 4. e5 Ne4 5. Ne2 Qb6 6. d4 e6 7. Ng3 c5 8. c3 Nc6 9. Bd3 f5 10. exf6 Nxf6 11. O-O Bd7 12. Ne5 cxd4 13. cxd4 Be7 14. Nh5 Nxe5 15. dxe5 Nxh5 16. Qxh5+ Kd8 17. Bg5 h6 18. Be3 Qb4 19. Qf7 Bf8 20. Rac1 Qe7 21. Qf3 b6 22. Bg6 Rc8 23. Qe2 Bc6 24. f4 Qb7 25. f5 Bd7 26. Qg4 Rxc1 27. Rxc1 exf5 28. Bxf5 Bxf5 29. Qxf5 Be7 30. Rd1 Kc7 31. Qe6 Kb8 32. Rxd5 Rc8 33. h3 Qc6 34. Qd7 Rc7 35. Qxc6 Rxc6 36. Rd7 Rc7 37. Rxc7 Kxc7 38. Kf2 Kc6 39. Bf4 Kd5 40. Ke3 Bf8 41. Kd3 g6 1/2-1/2

[Event "Turkish Cup 2024"]
[Site "Denizli"]
[Date "2024.07.31"]
[Round "2"]
[White "Mermer, Yunus"]
[Black "Yilmaz, Kerem Tuna"]
[Result "1/2-1/2"]
[ECO "D55"]
[WhiteElo "1687"]
[BlackElo "2025"]
[Annotator "RC"]
[PlyCount "64"]
[EventDate "2024.08.01"]
[EventType "swiss"]
[EventCountry "TUR"]
[SourceTitle "playchess.com"]
[Source "ChessBase"]
[SourceQuality "1"]
[TimeControl "5400+30"]

1. d4 Nf6 2. c4 e6 3. Nf3 b6 4. Bg5 Bb7 5. Nc3 Be7 6. e3 O-O 7. Bd3 d5 8. cxd5 exd5 9. O-O Nbd7 10. Rc1 c5 11. dxc5 bxc5 12. b3 Nb6 13. Qc2 h6 14. Bf4 Rc8 15. Rfd1 d4 16. Bf5 Bxf3 17. gxf3 Rc6 18. Nb5 Nbd5 19. Nxd4 Ra6 20. Ne2 Qa5 21. a4 Nxf4 22. Nxf4 Rb6 23. Bd3 Bd6 24. Ne2 Bb8 25. Qxc5 Qxc5 26. Rxc5 Rxb3 27. Bb5 Ra3 28. Rc6 Ne8 29. Rd8 Nc7 30. Rxf8+ Kxf8 31. Nd4 a6 32. Bxa6 Rxa4 1/2-1/2

[Event "Turkish Cup 2024"]
[Site "Denizli"]
[Date "2024.07.31"]
[Round "2"]
[White "Aygun, Metin Efe"]
[Black "Turkmen, Ataberk"]
[Result "0-1"]
[ECO "B06"]
[WhiteElo "1679"]
[BlackElo "2022"]
[Annotator "RC"]
[PlyCount "66"]
[EventDate "2024.08.01"]
[EventType "swiss"]
[EventCountry "TUR"]
[SourceTitle "playchess.com"]
[Source "ChessBase"]
[SourceQuality "1"]
[TimeControl "5400+30"]

1. e4 g6 2. d4 Bg7 3. Nc3 d6 4. f4 c6 5. Nf3 Bg4 6. Be2 Qb6 7. Na4 Qc7 8. Be3 Nd7 9. O-O Ngf6 10. Nc3 Bxf3 11. Bxf3 e5 12. Kh1 O-O 13. d5 exf4 14. Bxf4 Ne5 15. Qd2 Rfe8 16. Bxe5 Rxe5 17. Rad1 c5 18. Rfe1 Rae8 19. Re2 a6 20. Rde1 b5 21. Nd1 h5 22. Nf2 c4 23. c3 Qc8 24. h3 Nd7 25. Qd1 Qd8 26. Qd2 Qh4 27. Kh2 Rg5 28. Nh1 Be5+ 29. Kg1 Bf4 30. Qd4 Ne5 31. Qf2 Qxh3 32. g3 Bxg3 33. Nxg3 Nxf3+ 0-1